 Dungeon Crawl Stone Soup version 0.31-a0-188-g5e087ee2ca (webtiles) character file.

Game seed: 36498563771454779

9221 qw the Markself (level 11, -3/64 HPs)
             Began as a Deep Elf Hunter on June 23, 2023.
             Was a Believer of Okawaru.
             Slain by a lindwurm (11 damage)
             ... on level 1 of the Lair of Beasts.
             The game lasted 00:04:22 (10201 turns).

qw the Markself (Deep Elf Hunter)                  Turns: 10201, Time: 00:04:23

Health: -3/64      AC: 17    Str: 12    XL:     11   Next: 20%
Magic:  15/16      EV: 15    Int: 15    God:    Okawaru [**....]
Gold:   333        SH:  5    Dex: 18    Spells: 10/10 levels left

rFire   + . .        k - +10 arbalest of Xom's Indignation {speed, rElec}
rCold   . . .        (shield currently unavailable)
rNeg    . . .        l - +1 scale mail {rF+}
rPois   .            f - +1 helmet
rElec   +            p - +1 cloak
rCorr   .            h - +0 pair of gloves
SInv    +            e - +0 pair of boots
Will    +....        q - amulet of reflection
Stlth   ++           n - ring of see invisible
HPRegen 0.30/turn    (no ring)
MPRegen 0.15/turn

%: reflection
@: about to teleport, heroic
A: no striking features
a: Renounce Religion, Heroism


You were on level 1 of the Lair of Beasts.
You worshipped Okawaru.
Okawaru was pleased with you.
You visited 3 branches of the dungeon, and saw 11 of its levels.
You also visited: Ossuary.

You collected 487 gold pieces.
You spent 154 gold pieces at shops.


   Skills:
 - Level 6.1(11.1) Fighting
 + Level 17.5(22.5) Ranged Weapons
 - Level 4.0(9.0) Armour
 - Level 8.2(13.2) Dodging
 - Level 1.2(6.2) Stealth
 - Level 4.0 Invocations


You had 10 spell levels left.
You didn't know any spells.
Your spell library was empty.

Inventory:

Hand Weapons
 k - the +10 arbalest of Xom's Indignation (weapon) {speed, rElec}
   (You acquired it on level 9 of the Dungeon)

   rElec:     It insulates you from electricity.
Armour
 e - a +0 pair of boots (worn)
 f - a +1 helmet (worn)
 h - a +0 pair of gloves (worn)
 l - a +1 scale mail of fire resistance (worn)
 p - a +1 cloak (worn)
Jewellery
 b - an amulet of magic regeneration
 n - a ring of see invisible (left hand)
 q - an amulet of reflection (around neck)
Scrolls
 i - 2 scrolls of teleportation
 m - a scroll of identify
Potions
 a - 2 potions of mutation
 c - a potion of might
 d - 3 potions of heal wounds
 j - 2 potions of enlightenment
 o - 3 potions of curing
 s - a potion of berserk rage {unknown}

Dungeon Overview and Level Annotations

Branches:
Dungeon (9/15)             Temple (1/1) D:4            Lair (1/5) D:9
Ossuary (visited)
    Orc: D:9-12

Altars:
Ashenzari
Cheibriados
Dithmenos
Elyvilon
Gozag
Hepliaklqana
Kikubaaqudgha
Nemelex Xobeh
Okawaru
Qazlal
Ru
Trog
Uskayaw
Xom
Yredelemnul
Zin
Lugonu

Shops:
D:5 !

Annotations:
D:8 1 runed translucent door, qw's ghost, novice DEHu


Message History

The dream sheep barely misses you.
The lindwurm bites you but does no damage.
The lindwurm claws you but does no damage.
The lindwurm barely misses you.
A lindwurm comes into view.
You shoot a bolt. The bolt hits the dream sheep.
You kill the dream sheep!
Okawaru accepts your kill.
The lindwurm bites you but does no damage.
The lindwurm claws you but does no damage. x2
The lindwurm breathes flames at you. The blast of flame hits you! You resist.
Your Invocations skill increases to level 4!
You shoot a bolt. The bolt hits the lindwurm.
The lindwurm is lightly wounded.
The lindwurm bites you but does no damage.
The lindwurm claws you. The lindwurm barely misses you.
You shoot a bolt. The bolt hits the lindwurm.
The lindwurm is lightly wounded.
The lindwurm bites you! The lindwurm closely misses you.
You block the lindwurm's attack.
You shoot a bolt. The bolt hits the lindwurm!!
The lindwurm is severely wounded.
The lindwurm breathes flames at you. The blast of flame hits you! You resist.
10199 ||| READING 3 scrolls of teleportation.
As you read the scroll of teleportation, it crumbles to dust.
You feel strangely unstable. The lindwurm barely misses you.
The lindwurm claws you! The lindwurm closely misses you.
10200 ||| DRINKING 4 potions of heal wounds.
You feel much better. The lindwurm bites you! The lindwurm barely misses you.
The lindwurm claws you but does no damage.
You shoot a bolt.
The bolt completely misses the lindwurm.
The lindwurm bites you!
The lindwurm claws you but does no damage.
The lindwurm claws you. The lindwurm bites you!
You die...

#.# ##.#.##.##. .Y. #.#
#.#....... ~k #.#
##.......>. #¤.. #.#
#.##.##.#.. #¤¤. #.#
####.####.. #~Y.#
##.#####...##.#. #~w..
####..##.P##.P...#.
#¤..¤##k#.#..........#...
#..k@....#####...#.#.
#...######.# #.......
##.## #.# #....#.. ##
#.## ##.P..##( #%.#
#...###.. #.####.}.#..#.
##.# #...(.#... #..#
#}.>..+...
##.###.....#...


You could see 2 lindwurms.

Vanquished Creatures
  A boulder beetle (D:9)
  A lindwurm (Lair:1)
  A black mamba (Lair:1)
  Joseph (D:9)
  A torpor snail (Lair:1)
  A gargoyle (D:9)
  Maggie (D:7)
  A cane toad (Lair:1)
  Psyche (D:8)
  A komodo dragon (Lair:1)
  A rime drake (Lair:1)
  A troll (D:9)
  A hornet (D:9)
  2 dream sheep (Lair:1)
  2 basilisks (Lair:1)
  2 steam dragons
  Edmund (D:4)
  2 water moccasins
  A sky beast (D:8)
  A black bear (D:5)
  5 ice beasts
  2 ogres
  3 centaurs
  3 phantoms
  3 kobold brigands
  6 bullfrogs
  3 scorpions
  10 wights
  8 howler monkeys
  7 hounds
  3 gnoll boudas
  3 orc priests
  A jelly (D:6)
  Terence (D:3)
  2 iguanas (D:5)
  7 orc wizards
  Natasha (thrice) (D:4)
  13 mummies (Ossuary)
  14 gnolls
  7 adders
  A shadow imp (D:6)
  A white imp (D:6)
  An ufetubus (D:4)
  2 worms
  2 dart slugs
  19 orcs
  6 ball pythons
  6 bats
  5 endoplasms
  4 giant cockroaches
  8 goblins
  7 hobgoblins
  6 jackals
  17 kobolds
  4 quokkas
  5 frilled lizards (D:1)
  4 gnoll skeletons (Ossuary)
  2 goblin skeletons (Ossuary)
  A kobold skeleton (Ossuary)
  An orc skeleton (Ossuary)
  3 rats
  11 rat skeletons (Ossuary)
244 creatures vanquished.

Vanquished Creatures (others)
  A hound (D:6)
  An adder (D:6)
2 creatures vanquished.

Grand Total: 246 creatures vanquished

Notes
Turn   | Place    | Note
-------+----------+-------------------------------------------
     0 | D:1      | qw the Deep Elf Hunter began the quest for the Orb.
     0 | D:1      | Reached XP level 1. HP: 12/12 MP: 3/3
     0 | D:1      | 0 ||| qw: Version: 0.3-a-9-g12657ce
     0 | D:1      | 0 ||| qw: Game counter: 3556
     0 | D:1      | 0 ||| qw: Always use a shield: true
     0 | D:1      | 0 ||| qw: God list: Okawaru
     0 | D:1      | 0 ||| qw: Allow faded altars: false
     0 | D:1      | 0 ||| qw: Do Orc after D:15 true
     0 | D:1      | 0 ||| qw: Do second Lair branch before Depths: true
     0 | D:1      | 0 ||| qw: Lair rune preference: random
     0 | D:1      | 0 ||| qw: Plans: Normal
     0 | D:1      | 0 ||| PLANNING D:1-11
    77 | D:1      | Reached XP level 2. HP: 16/16 MP: 4/4
    87 | D:1      | Reached skill level 6 in Ranged Weapons
   196 | D:1      | Found a faded altar of an unknown god.
   421 | D:1      | 421 ||| READING scroll labelled LUTHEO COZO.
   422 | D:1      | 422 ||| READING scroll labelled USSOTELLUH.
   523 | D:1      | 523 ||| READING scroll labelled NAJEUGH DAUL.
   524 | D:1      | 524 ||| DROPPING scroll of butterflies.
   535 | D:2      | Found an opulent altar of Gozag.
   901 | D:2      | Reached XP level 3. HP: 12/20 MP: 5/5
  1330 | D:2      | 1330 ||| READING scroll labelled NAIRGH FUTZENOIM.
  1331 | D:2      | 1331 ||| READING 2 scrolls labelled MARAUZXIRGH.
  1334 | D:2      | 1334 ||| READING scroll labelled FAMOCL VOAC.
  1403 | D:3      | Reached skill level 7 in Ranged Weapons
  1506 | D:3      | Noticed Terence
  1513 | D:3      | HP: 3/20 [something (6)]
  1514 | D:3      | HP: 1/20 [something (3)]
  1515 | D:3      | Killed Terence
  1516 | D:3      | Reached XP level 4. HP: 1/25 MP: 6/6
  1667 | D:3      | You fall into a shaft and drop 1 floor!
  1672 | D:4      | Noticed Natasha
  1675 | D:4      | 1675 ||| Stepping ~*~*~tactically~*~*~ (outnumbered).
  1680 | D:4      | 1680 ||| Stepping ~*~*~tactically~*~*~ (outnumbered).
  1681 | D:4      | HP: 6/25 [Natasha/magic dart (7)]
  1681 | D:4      | HP: 1/25 [cerulean imp/+2 spear[Natasha] (5)]
  1682 | D:4      | 1682 ||| READING scroll of teleportation.
  1684 | D:4      | Killed Natasha
  1685 | D:4      | Reached skill level 8 in Ranged Weapons
  1796 | D:4      | Found a staircase to the Ecumenical Temple.
  1797 | D:4      | 1797 ||| PLANNING TEMPLE
  1797 | D:4      | 1797 ||| UPGRADING to +0 scale mail.
  1801 | D:4      | 1801 ||| UPGRADING to +0 scale mail.
  1811 | D:4      | 1811 ||| DROPPING +0 leather armour.
  1818 | Temple   | Entered the Ecumenical Temple
  1849 | Temple   | 1849 ||| PLANNING D:1-11
  1876 | D:4      | Noticed a scorpion
  1886 | D:4      | Killed a scorpion
  1887 | D:4      | Reached XP level 5. HP: 9/29 MP: 7/7
  1888 | D:4      | HP: 7/29 [poisoned by a scorpion]
  1993 | D:4      | Noticed Edmund
  1994 | D:4      | 1994 ||| FLEEEEING.
  1995 | D:4      | 1995 ||| FLEEEEING.
  1996 | D:4      | 1996 ||| STAIRDANCE
  2002 | D:3      | Reached skill level 9 in Ranged Weapons
  2172 | D:3      | 2172 ||| READING scroll of brand weapon.
  2172 | D:3      | 2172 ||| BRANDING +0 shortbow of freezing.
  2193 | D:3      | Reached skill level 1 in Armour
  2352 | D:3      | Noticed a phantom
  2368 | D:3      | HP: 5/30 [phantom (5)]
  2370 | D:3      | Killed a phantom
  2371 | D:3      | Reached XP level 6. HP: 7/35 MP: 8/8
  2492 | D:3      | Found a shadowy altar of Dithmenos.
  2843 | D:3      | 2843 ||| UPGRADING to +0 helmet.
  2848 | D:3      | 2848 ||| READING scroll labelled BUOSEILUME.
  2849 | D:3      | 2849 ||| READING scroll labelled KIUPIO RIDA.
  2850 | D:3      | 2850 ||| READING scroll labelled LIUKKA POIG.
  2851 | D:3      | 2851 ||| READING scroll labelled NOSMAE ZECOU.
  2852 | D:3      | 2852 ||| DRINKING 3 grey potions.
  2887 | D:4      | 2887 ||| STAIRDANCE
  2978 | D:4      | HP: 5/35 [poisoned by a scorpion]
  2979 | D:4      | 2979 ||| DRINKING 2 potions of heal wounds.
  2987 | D:4      | HP: 8/35 [poisoned by a scorpion]
  3124 | D:4      | Reached skill level 10 in Ranged Weapons
  3161 | D:4      | Noticed Natasha
  3165 | D:4      | Killed Natasha
  3260 | D:4      | Killed Edmund
  3261 | D:4      | Reached XP level 7. HP: 40/40 MP: 9/9
  3385 | D:4      | 3385 ||| Stepping ~*~*~tactically~*~*~ (outnumbered).
  3394 | D:4      | Reached skill level 11 in Ranged Weapons
  3470 | D:4      | Reached skill level 3 in Dodging
  3495 | D:4      | 3495 ||| READING scroll of enchant weapon.
  3495 | D:4      | 3495 ||| ENCHANTING +1 shortbow of electrocution.
  3509 | D:4      | Found an opulent altar of Gozag.
  3637 | D:4      | 3637 ||| UPGRADING to +0 ring mail.
  3647 | D:4      | 3647 ||| DROPPING +0 scale mail.
  3648 | D:4      | 3648 ||| UPGRADING to +1 scale mail of fire resistance.
  3658 | D:4      | 3658 ||| DROPPING +0 ring mail.
  3659 | D:4      | 3659 ||| UPGRADING to ring of see invisible.
  3660 | D:4      | 3660 ||| READING scroll labelled PESAUL PIAQI.
  3661 | D:4      | 3661 ||| READING scroll labelled HILIMUZIA.
  3662 | D:4      | 3662 ||| READING scroll labelled TIUNAO SATUOS.
  3663 | D:4      | 3663 ||| READING 2 scrolls of identify.
  3663 | D:4      | 3663 ||| IDENTIFYING bubbling emerald potion
  3673 | D:4      | Noticed Natasha
  3676 | D:4      | Killed Natasha
  3684 | D:5      | Entered Level 5 of the Dungeon
  3701 | D:5      | 3701 ||| FLEEEEING.
  3702 | D:5      | 3702 ||| FLEEEEING.
  3703 | D:5      | 3703 ||| FLEEEEING.
  3704 | D:5      | 3704 ||| STAIRDANCE
  3744 | D:5      | 3744 ||| STAIRDANCE
  3834 | D:5      | Reached skill level 12 in Ranged Weapons
  3883 | D:5      | 3883 ||| SWAPPING to +2 heavy orcbow.
  3884 | D:5      | 3884 ||| DROPPING +2 shortbow of electrocution.
  3895 | D:5      | Reached skill level 3 in Fighting
  3895 | D:5      | Reached XP level 8. HP: 46/46 MP: 10/10
  3895 | D:5      | Found a sacrificial altar of Ru.
  4039 | D:5      | Found Mapryhep's Distillery.
  4046 | D:5      | 4046 ||| SHOPLISTING 2 potions of haste (280 gold, have
                  | 170).
  4046 | D:5      | 4046 ||| BUYING potion of curing (42 gold).
  4046 | D:5      | Bought a potion of curing for 42 gold pieces
  4046 | D:5      | 4046 ||| BUYING potion of curing (42 gold).
  4046 | D:5      | Bought a potion of curing for 42 gold pieces
  4046 | D:5      | 4046 ||| BUYING potion of heal wounds (70 gold).
  4046 | D:5      | Bought a potion of heal wounds for 70 gold pieces
  4046 | D:5      | 4046 ||| SHOPLISTING potion of heal wounds (70 gold, have
                  | 16).
  4099 | D:5      | Found a snail-covered altar of Cheibriados.
  4099 | D:5      | Found a basalt altar of Yredelemnul.
  4272 | D:5      | Reached skill level 13 in Ranged Weapons
  4294 | D:5      | Found a sparkling altar of Nemelex Xobeh.
  4321 | D:5      | 4321 ||| UPGRADING to amulet of regeneration.
  4326 | D:5      | 4326 ||| DRINKING 2 cyan potions.
  4327 | D:5      | 4327 ||| DRINKING 3 red potions.
  4328 | D:5      | 4328 ||| DROPPING 2 potions of degeneration.
  4342 | D:6      | 4342 ||| PLANNING OSSUARY
  4490 | D:6      | 4490 ||| FLEEEEING.
  4491 | D:6      | 4491 ||| FLEEEEING.
  4492 | D:6      | 4492 ||| FLEEEEING.
  4493 | D:6      | 4493 ||| FLEEEEING.
  4494 | D:6      | 4494 ||| FLEEEEING.
  4501 | D:6      | HP: 9/46 [poisoned by a kobold brigand]
  4501 | D:6      | HP: 3/46 [kobold brigand/+0 whip (6)]
  4502 | D:6      | 4502 ||| DRINKING 3 potions of heal wounds.
  4507 | D:6      | Reached skill level 14 in Ranged Weapons
  4788 | D:6      | Reached XP level 9. HP: 42/51 MP: 11/11
  4802 | D:6      | Reached skill level 15 in Ranged Weapons
  4811 | D:6      | Found a shimmering altar of Xom.
  4843 | D:6      | Found a sand-covered staircase.
  4844 | D:6      | 4844 ||| UPGRADING to +1 cloak.
  4849 | D:6      | 4849 ||| UPGRADING to amulet of reflection.
  4859 | D:6      | 4859 ||| DROPPING amulet of regeneration.
  4860 | D:6      | 4860 ||| DROPPING +6 ring of intelligence.
  4861 | D:6      | 4861 ||| READING 2 scrolls of identify.
  4861 | D:6      | 4861 ||| IDENTIFYING murky dark potion
  4862 | D:6      | 4862 ||| DROPPING potion of lignification.
  4871 | Ossuary  | Entered an ossuary
  5083 | Ossuary  | 5083 ||| READING scroll of enchant armour.
  5083 | Ossuary  | 5083 ||| ENCHANTING +0 helmet.
  5246 | Ossuary  | 5246 ||| READING scroll labelled WILOEDGH TYNEU.
  5330 | Ossuary  | 5330 ||| DRINKING 2 smoky sapphire potions.
  5331 | Ossuary  | 5331 ||| DRINKING 2 metallic cyan potions.
  5332 | Ossuary  | 5332 ||| READING 4 scrolls of identify.
  5332 | Ossuary  | 5332 ||| IDENTIFYING silvery potion
  5333 | Ossuary  | 5333 ||| READING 3 scrolls of identify.
  5333 | Ossuary  | 5333 ||| IDENTIFYING blue potion
  5334 | Ossuary  | 5334 ||| READING 2 scrolls of identify.
  5334 | Ossuary  | 5334 ||| IDENTIFYING glowing brown potion
  5335 | Ossuary  | 5335 ||| DROPPING potion of magic.
  5336 | Ossuary  | 5336 ||| DROPPING potion of attraction.
  5337 | Ossuary  | 5337 ||| DROPPING potion of brilliance.
  5349 | D:6      | 5349 ||| PLANNING D:1-11
  5960 | D:7      | 5960 ||| FLEEEEING.
  5963 | D:7      | 5963 ||| FLEEEEING.
  5964 | D:7      | 5964 ||| FLEEEEING.
  5965 | D:7      | 5965 ||| FLEEEEING.
  5966 | D:7      | 5966 ||| FLEEEEING.
  5967 | D:7      | 5967 ||| FLEEEEING.
  5968 | D:7      | 5968 ||| FLEEEEING.
  5969 | D:7      | 5969 ||| FLEEEEING.
  5970 | D:7      | 5970 ||| FLEEEEING.
  5971 | D:7      | 5971 ||| FLEEEEING.
  5972 | D:7      | 5972 ||| FLEEEEING.
  5973 | D:7      | 5973 ||| FLEEEEING.
  5974 | D:7      | 5974 ||| FLEEEEING.
  5976 | D:7      | 5976 ||| FLEEEEING.
  5985 | D:7      | 5985 ||| FLEEEEING.
  6069 | D:7      | Noticed Maggie
  6082 | D:7      | Killed Maggie
  6083 | D:7      | Reached skill level 16 in Ranged Weapons
  6998 | D:7      | 6998 ||| UPGRADING to +0 pair of boots.
  7003 | D:7      | 7003 ||| READING scroll labelled ASAT CAONLEZ.
  7110 | D:8      | Noticed Psyche
  7114 | D:8      | Killed Psyche
  7115 | D:8      | Reached skill level 3 in Armour
  7115 | D:8      | Reached XP level 10. HP: 56/58 MP: 12/12
  7235 | D:8      | 7235 ||| FLEEEEING.
  7236 | D:8      | 7236 ||| FLEEEEING.
  7237 | D:8      | 7237 ||| FLEEEEING.
  7238 | D:8      | 7238 ||| FLEEEEING.
  7239 | D:8      | 7239 ||| FLEEEEING.
  7240 | D:8      | 7240 ||| FLEEEEING.
  7241 | D:8      | 7241 ||| FLEEEEING.
  7242 | D:8      | 7242 ||| FLEEEEING.
  7243 | D:8      | 7243 ||| FLEEEEING.
  7244 | D:8      | 7244 ||| FLEEEEING.
  7245 | D:8      | 7245 ||| FLEEEEING.
  7246 | D:8      | 7246 ||| FLEEEEING.
  7247 | D:8      | 7247 ||| FLEEEEING.
  7248 | D:8      | 7248 ||| FLEEEEING.
  7250 | D:8      | 7250 ||| FLEEEEING.
  7251 | D:8      | 7251 ||| FLEEEEING.
  7252 | D:8      | 7252 ||| FLEEEEING.
  7253 | D:8      | 7253 ||| STAIRDANCE
  7276 | D:7      | 7276 ||| UPGRADING to +0 pair of gloves.
  7289 | D:8      | 7289 ||| STAIRDANCE
  7345 | D:8      | 7345 ||| STAIRDANCE
  7392 | D:8      | 7392 ||| Stepping ~*~*~tactically~*~*~ (outnumbered).
  7490 | D:8      | Found a runed translucent door.
  7492 | D:8      | Noticed qw's ghost (novice DEHu)
  7494 | D:8      | Identified the +3 spear of the Nurturing Pill Bug {speed,
                  | rN+ Str+4}
  7665 | D:8      | Reached skill level 6 in Dodging
  7803 | D:8      | Found a glowing silver altar of Zin.
  7803 | D:8      | Noticed an angel
  8537 | D:9      | Found a staircase to the Lair.
  8699 | D:9      | Noticed a boulder beetle
  8715 | D:9      | Killed a boulder beetle
  8738 | D:9      | 8738 ||| READING scroll of enchant weapon.
  8738 | D:9      | 8738 ||| ENCHANTING +2 heavy orcbow.
  9006 | D:9      | Noticed a gargoyle
  9007 | D:9      | Killed a gargoyle
  9084 | D:9      | Found a broken altar of Ashenzari.
  9087 | D:9      | Noticed Joseph
  9101 | D:9      | Killed Joseph
  9102 | D:9      | Reached skill level 6 in Fighting
  9242 | D:9      | Found an iron altar of Okawaru.
  9243 | D:9      | 9243 ||| PLANNING OKAWARU WORSHIP
  9343 | D:9      | 9343 ||| READING scroll labelled RAPNAO HEUNEV.
  9343 | D:9      | Identified a scroll of acquirement
  9343 | D:9      | 9343 ||| ACQUIRING +10 arbalest of Xom's Indignation
                  | {speed, rElec}
  9343 | D:9      | Acquired the +10 arbalest of Xom's Indignation {speed,
                  | rElec}
  9345 | D:9      | 9345 ||| SWAPPING to +10 arbalest of Xom's Indignation
                  | {speed, rElec}.
  9346 | D:9      | 9346 ||| DROPPING +3 heavy orcbow.
  9347 | D:9      | 9347 ||| READING 2 scrolls of identify.
  9347 | D:9      | 9347 ||| IDENTIFYING metallic brown potion
  9348 | D:9      | 9348 ||| DROPPING potion of ambrosia.
  9349 | D:9      | 9349 ||| DROPPING scroll of revelation.
  9354 | D:9      | Became a worshipper of Warmaster Okawaru
  9355 | D:9      | 9355 ||| PLANNING D:1-11
  9588 | D:9      | 9588 ||| PLANNING LAIR
  9634 | Lair:1   | Entered Level 1 of the Lair of Beasts
  9669 | Lair:1   | Noticed a cane toad
  9673 | Lair:1   | Killed a cane toad
  9673 | Lair:1   | Reached * piety under Okawaru
  9749 | Lair:1   | 9749 ||| DRINKING potion of cancellation.
  9791 | Lair:1   | Reached skill level 1 in Invocations
  9806 | Lair:1   | 9806 ||| INVOKING Heroism.
  9808 | Lair:1   | Reached skill level 17 in Ranged Weapons
 10002 | Lair:1   | Reached XP level 11. HP: 64/64 MP: 14/14
 10020 | Lair:1   | 10020 ||| INVOKING Heroism.
 10178 | Lair:1   | Noticed a lindwurm
 10178 | Lair:1   | Noticed a lindwurm
 10179 | Lair:1   | 10179 ||| FLEEEEING.
 10180 | Lair:1   | 10180 ||| FLEEEEING.
 10182 | Lair:1   | 10182 ||| FLEEEEING.
 10184 | Lair:1   | 10184 ||| INVOKING Heroism.
 10189 | Lair:1   | Killed a lindwurm
 10190 | Lair:1   | Reached skill level 3 in Invocations
 10193 | Lair:1   | Reached ** piety under Okawaru
 10194 | Lair:1   | Noticed a lindwurm
 10198 | Lair:1   | HP: 7/64 [lindwurm/blast of flame (13)]
 10199 | Lair:1   | 10199 ||| READING 3 scrolls of teleportation.
 10199 | Lair:1   | HP: 1/64 [lindwurm (7)]
 10200 | Lair:1   | 10200 ||| DRINKING 4 potions of heal wounds.
 10201 | Lair:1   | Slain by a lindwurm

Levels and vault maps discovered:
D:1:      spicycebolla_arrival_xxxplode, layout_rooms,
          chequers_ecumenical_altar_simple_redux
D:2:      layout_loops_corners, basic_altar
D:3:      layout_loops_corners, nicolae_dithmenos_the_darkroom, uniq_terence
D:4:      layout_basic, mainiacjoe_overflow_surrounded_room,
          minmay_temple_entry_arrows, uniq_edmund, uniq_natasha
D:5:      layout_basic, kennysheep_mini_moat, nicolae_ru_sacrificial_ziggurat,
          mainiacjoe_overflow_divided_tiny, serial_shops,
          nicolae_shop_pleasant_corner_grove
D:6:      layout_basic, xom_confusion_cloud, chequers_ossuary_entry_cave,
          serial_corexii_hall, chequers_hall_statues_y, corexii_hall_statues_i,
          minmay_stone_trees_medium, amcnicky_mini_rare_corridor_liquid,
          amcnicky_mini_corridor_feature
D:7:      layout_layer_cave, enter_bailey_6, uniq_maggie
D:8:      layout_basic, zin_angel, ebering_ghost_funeral_grove, uniq_psyche
D:9:      layout_loops_ring, hellmonk_okawaru_the_only_friend_you_need,
          cheibrodos_ashenzari_chains, lair_entry_dummy, serial_glass,
          glass_columns_a, glass_columns_b, nzn_sisyphean_effort, uniq_joseph
Temple:   corrupted_temple
Lair:1:   layout_loops_ring, nicolae_lair_lindhole, serial_bayou_shore_b,
          grunt_megastairs_1

Skill      XL: |  1  2  3  4  5  6  7  8  9 10 11 |
---------------+----------------------------------+-----
Ranged Weapons | 6 7 8 9 10 12 14 16 17 | 17.5
Fighting       | 2 3 4 6 |  6.1
Armour         | 1 3 4 |  4.0
Dodging        | 3 4 5 8 |  8.2
Invocations    | 2 4 |  4.0
Stealth        | |  1.2

Action                     |  1- 3 |  4- 6 |  7- 9 | 10-12 || total
---------------------------+-------+-------+-------+-------++-------
   Fire: Shortbow          |    85 |   144 |    65 |       ||   294
         Orcbow            |       |       |   255 |    88 ||   343
         Arbalest          |       |       |       |    49 ||    49
 Invoke: Heroism           |       |       |       |     3 ||     3
    Use: Scroll            |     6 |     6 |    12 |     4 ||    28
         Potion            |       |     2 |     5 |     2 ||     9
 Armour: Leather armour    |     7 |     1 |       |       ||     8
         Scale mail        |       |    28 |    50 |    39 ||   117
  Dodge: Dodged            |    14 |    29 |    66 |    35 ||   144
  Block: Other             |       |       |    10 |    12 ||    22
         Reflection        |       |       |     1 |     2 ||     3

Table legend:
 A = Non-vault XP
 B = Vault XP
 C = Vault XP percentage of total XP
 D = Non-vault monster count
 E = Vault monster count
 F = Vault count percentage of total count
                 A         B        C        D         E       F
            +---------+---------+-------+---------+---------+-------
      Total |    9054 |    4120 |  31.3 |     190 |      54 |  22.1
            +---------+---------+-------+---------+---------+-------
        D:1 |      25 |       0 |   0.0 |      16 |       0 |   0.0
        D:2 |      32 |       0 |   0.0 |      12 |       0 |   0.0
        D:3 |     252 |      36 |  12.5 |      26 |       1 |   3.7
        D:4 |     448 |     199 |  30.8 |      24 |       2 |   7.7
        D:5 |     977 |       0 |   0.0 |      23 |       0 |   0.0
        D:6 |     753 |     535 |  41.5 |      17 |      12 |  41.4
        D:7 |     955 |     415 |  30.3 |      29 |       1 |   3.3
        D:8 |    1062 |     379 |  26.3 |      20 |       1 |   4.8
        D:9 |    1639 |    1311 |  44.4 |      13 |       2 |  13.3
     Lair:1 |    2911 |     984 |  25.3 |      10 |       3 |  23.1
    Ossuary |       0 |     261 | 100.0 |       0 |      32 | 100.0
            +---------+---------+-------+---------+---------+-------
